 Dungeon Crawl Stone Soup version 0.30-a0-595-g91969c0fa5 (webtiles) character file.

Game seed: 9348958973160278884

1997 MackTheKnife the Covert (level 9, -4/47 HPs)
             Began as a Vine Stalker Wanderer on Jan 6, 2023.
             Killed from afar by a manticore (16 damage)
             ... with a volley of spikes
             ... on level 6 of the Dungeon.
             The game lasted 00:12:16 (5786 turns).

MackTheKnife the Covert (Vine Stalker Wanderer)     Turns: 5786, Time: 00:12:16

Health: -4/47      AC:  5    Str: 11    XL:     9   Next: 21%
Magic:  0/14       EV: 10    Int: 21    God:
Gold:   224        SH:  5    Dex: 19    Spells: 10/14 levels left

rFire   . . .      SeeInvis .    P - +2 dagger (drain) {short}
rCold   . . .      Faith    .    (no shield)
rNeg    . . .      Spirit   +    Y - +0 leather armour of the Eternal Fruit {Stlth+}
rPois   .          Reflect  +    b - +1 helmet
rElec   .          Harm     .    (no cloak)
rCorr   .          Rampage  .    (no gloves)
Will    +....                    (no boots)
Stlth   +++++                    G - amulet of reflection
HPRegen 1.07/turn                g - ring of flight
MPRegen 0.14/turn                o - +6 ring of intelligence

@: about to teleport, spiked, flying
A: fangs 3, regeneration 1, magic shield, antimagic bite, no potion heal 2
a: no special abilities


You were on level 6 of the Dungeon.
You visited 1 branch of the dungeon, and saw 6 of its levels.

You collected 224 gold pieces.


Innate Abilities, Weirdness & Mutations

You have razor-sharp teeth.
Your natural rate of healing is unusually fast.
When hurt, damage is shared between your health and your magic reserves.
Your bite disrupts and absorbs the magic of your enemies.
Potions cannot restore your health.


   Skills:
 + Level 5.1 Fighting
 + Level 5.1 Short Blades
 - Level 2.6 Ranged Weapons
 - Level 1.0 Armour
 + Level 8.5 Stealth
 - Level 3.2 Spellcasting
 - Level 5.7 Hexes


You had 10 spell levels left.
You knew the following spells:

 Your Spells              Type           Power      Damage    Failure   Level
a - Slow                  Hex            100%       N/A       1%          1
b - Confusing Touch       Hex            27%        N/A       4%          3

Your spell library contained the following spells:

 Spells                   Type           Power      Damage    Failure   Level
 Ensorcelled Hibernation  Hex/Ice        30%        N/A       8%          2
 Passwall                 Tmut/Erth      2%         N/A       26%         2
 Swiftness                Air            3%         N/A       45%         3

Inventory:

Hand Weapons
 P - a +2 dagger of draining (weapon) {short}
   (You took it off an orc wizard on level 4 of the Dungeon)
Missiles
 i - 15 stones {throwing}
Armour
 a - a +0 scale mail
   (You found it on level 4 of the Dungeon)
 b - a +1 helmet (worn)
 d - a +0 robe
 h - a +0 chain mail
   (You took it off an orc on level 4 of the Dungeon)
 n - a +0 ring mail
   (You found it on level 6 of the Dungeon)
 p - a +0 robe
   (You took it off a gnoll bouda on level 5 of the Dungeon)
 q - a +0 scale mail
   (You took it off a gnoll sergeant on level 5 of the Dungeon)
 r - a +0 scale mail
   (You took it off Terence on level 3 of the Dungeon)
 s - a +0 robe
   (You found it on level 3 of the Dungeon)
 u - a +0 robe
   (You took it off Pikel on level 5 of the Dungeon)
 v - a +0 animal skin
   (You took it off Robin on level 3 of the Dungeon)
 y - a +0 robe
   (You took it off an orc wizard on level 3 of the Dungeon)
 B - a +0 robe
   (You found it on level 3 of the Dungeon)
 D - a +0 robe
   (You found it on level 4 of the Dungeon)
 E - a +0 leather armour
   (You took it off an orc on level 4 of the Dungeon)
 F - a +0 leather armour
   (You took it off an orc on level 4 of the Dungeon)
 H - a +0 scale mail
   (You took it off a goblin on level 4 of the Dungeon)
 L - a +0 leather armour
   (You found it on level 4 of the Dungeon)
 M - a +0 leather armour
   (You took it off an orc on level 3 of the Dungeon)
 N - a +0 ring mail
   (You took it off an orc on level 4 of the Dungeon)
 O - a +0 robe
   (You took it off an orc wizard on level 4 of the Dungeon)
 Q - a +0 robe
   (You found it on level 5 of the Dungeon)
 U - a +0 ring mail
   (You found it on level 5 of the Dungeon)
 V - a +0 ring mail
   (You found it on level 5 of the Dungeon)
 W - the +5 scale mail of Spite {rC+ Slay+3}
   (You found it on level 5 of the Dungeon)

   Slay:      It affects your accuracy & damage with ranged weapons and melee
   (+3).
   rC:        It protects you from cold.
 X - a +0 ring mail
   (You took it off an orc on level 5 of the Dungeon)
 Y - the +0 leather armour of the Eternal Fruit (worn) {Stlth+}
   (You found it on level 6 of the Dungeon)

   Stlth:     It makes you more stealthy.
Jewellery
 g - a ring of flight (left hand)
   (You found it on level 1 of the Dungeon)
 k - a +4 ring of protection
   (You found it on level 6 of the Dungeon)
 o - a +6 ring of intelligence (right hand)
   (You found it on level 3 of the Dungeon)
 G - an amulet of reflection (around neck)
   (You took it off a goblin on level 4 of the Dungeon)
 K - a +4 ring of protection
   (You found it on level 4 of the Dungeon)
Wands
 R - a wand of roots (4)
   (You found it on level 5 of the Dungeon)
Scrolls
 c - a scroll of silence {!r}
 j - a scroll of teleportation {@r4}
 l - a scroll of enchant armour
Potions
 e - 2 potions of berserk rage {!q}
 f - 8 potions of curing {@q1}
 m - a potion of cancellation {unknown}
 t - 2 potions of brilliance
 w - a potion of heal wounds {unknown}
 x - 3 potions of might
 A - 3 potions of invisibility {unknown}
 I - a potion of flight {unknown}
 J - 2 potions of resistance {unknown}
 S - a potion of mutation {unknown}
 T - a potion of attraction {unknown}

Dungeon Overview and Level Annotations

Branches:
Dungeon (6/15) Zot: 26207
 Temple: D:4-7

Altars:
Kikubaaqudgha
Uskayaw

Shops:
D:1 (

Annotations:
D:4 1 runed translucent door, Samael12321's ghost, amateur DjEE

.###..# #...##.#.
.......###..g.......#. ....g
........##....o.....o## #M ..g..
.........g.#. ..o..# #. ....
.##.....#.##.### ....#.. .##...
..#.....###....##..H##..###.#..
......gg# #............#.....##
.....gK.# #.................#
..#....#######..@..........#..#
.##....#....##........#..#.#.##
...#.........))<).....#..#...##
...##....####.................###
...##......##.....).......###....
##.........##...........#.###.[..
###....###.####......^..#..#.....
###.....#...........###.#........
.##....##...###.#...#...#........


You could see a manticore, an orc priest and an orc.


Message History

There is a stone staircase leading down here.
You fly downwards.
The gnoll barely misses you. The gnoll hits you with a +0 flail.
There is a stone staircase leading up, spattered with blood here. 😕 HP[-3] MP[-1]
You take 3 damage, and now have 44/47 hp.
You lost 1 mp, and now have 13/14 mp.
Your hands begin to glow red.
You block the gnoll's attack. x2 😕 HP[+1] MP[-3]
You lost 3 mp, and now have 10/14 mp.
You hit the gnoll but do no damage.
The gnoll appears confused.
You bite the gnoll. You drain its power.
You feel invigorated. You block the gnoll's attack.
The gnoll barely misses you. 😕 HP[+1] MP[+4]
Your mp is fully restored (14).
You hit the gnoll. You drain the gnoll. You bite the gnoll, but do no damage.
The gnoll misses you. 😎 HP[+1]
Your hp is fully restored (47).
You hit the gnoll. You bite the gnoll. You drain its power.
The gnoll closely misses you.
You hit the gnoll.
You kill the gnoll!
The gnoll hits you with a +0 club. 😎 MP[-1]
You lost 1 mp, and now have 13/14 mp.
You hit the gnoll. Your bite misses the gnoll. You block the gnoll's attack.
Your hands begin to glow red.
The gnoll hits you with a +0 club. 😕 HP[-2] MP[-4]
You take 2 damage, and now have 45/47 hp.
You lost 4 mp, and now have 9/14 mp.
You closely miss the gnoll. Your bite misses the gnoll. 😕 HP[+1]
You hit the gnoll but do no damage. The gnoll hits you with a +0 club.
The gnoll hits you from afar with a +0 spear. 😕 HP[-2] MP[-1]
You take 2 damage, and now have 44/47 hp.
You lost 1 mp, and now have 8/14 mp.
You hit the gnoll but do no damage.
The gnoll appears confused.
The gnoll hits you from afar with a +0 spear. 😕 HP[-2] MP[-1]
You take 2 damage, and now have 42/47 hp.
You lost 1 mp, and now have 7/14 mp.
You catch the helpless gnoll completely off-guard!
You impale the gnoll!!
You kill the gnoll!
The gnoll hits you with a +0 spear.
Things that are here:
a +0 flail {mace}; a gnoll corpse; 😕 HP[-2] MP[+1]
You take 2 damage, and now have 40/47 hp.
Your hands begin to glow red.
The gnoll hits you with a +0 spear.
A manticore comes into view. 😕 HP[-3] MP[-4]
You take 3 damage, and now have 37/47 hp.
You lost 4 mp, and now have 4/14 mp.
You hit the gnoll but do no damage.
The gnoll appears confused.
You bite the gnoll! You drain its power.
You feel invigorated. 😕 MP[+8]
You regained 8 mp, and now have 12/14 mp.
You strike the helpless gnoll from behind!
You impale the gnoll!!
You kill the gnoll! 😕 HP[+1] 😕 HP[+1]
The manticore flicks its tail.
The volley of spikes hits you!!
The barbed spikes become lodged in your body.
* * * LOW HITPOINT WARNING * * *
You hear a shout! 😨 HP[-16] MP[-5]
You take 16 damage, and now have 23/47 hp.
MASSIVE DAMAGE!! (PAUSE)
You lost 5 mp, and now have 7/14 mp.
Aiming: Fastroot
Press: ? - help, Shift-Dir - straight line, f - manticore
Aim: a manticore The roots erupt in riotous growth!
Roots grab the manticore.
The grasping roots constrict the manticore.
You hear a shout! x4
The manticore flicks its tail.
The volley of spikes hits you!!
The barbed spikes become lodged in your body.
* * * LOW HITPOINT WARNING * * *
😱 HP[-13] MP[-5]
You take 13 damage, and now have 10/47 hp.
MASSIVE DAMAGE!! (PAUSE)
You lost 5 mp, and now have 2/14 mp.
As you read the scroll of teleportation {@r4}, it crumbles to dust.
You feel strangely unstable.
The grasping roots constrict the manticore!
The manticore struggles to escape constriction. 😱 HP[+1] Unknown command.
The grasping roots constrict the manticore!
The roots release their grip on the manticore.
The manticore flicks its tail.
The volley of spikes hits you!!
The barbed spikes become lodged in your body.
You die...

Skill      XL: |  1  2  3  4  5  6  7  8 |
---------------+-------------------------+-----
Stealth        | 2 3 4 6 8 |  8.5
Hexes          | 3 4 5 |  5.7
Fighting       | 1 3 5 |  5.1
Short Blades   | 1 3 5 |  5.1
Ranged Weapons | |  2.6
Armour         | |  1.0
Spellcasting   | |  3.2

Action                   |  1- 3 |  4- 6 |  7- 9 || total
-------------------------+-------+-------+-------++-------
Melee: Dagger            |    92 |   175 |   182 ||   449
       Bite              |    28 |    54 |    69 ||   151
       Punch             |       |     3 |     1 ||     4
 Fire: Sling             |    14 |       |       ||    14
 Cast: Slow              |     6 |       |       ||     6
       Confusing Touch   |       |    10 |    34 ||    44
Evoke: Wand              |       |       |     1 ||     1
  Use: Scroll            |       |       |    13 ||    13
 Stab: Sleeping          |     9 |     6 |     5 ||    20
       Confused          |       |     6 |    20 ||    26
       Distracted        |       |     1 |       ||     1
Armor: Robe              |    18 |    53 |     4 ||    75
       Leather armour    |       |       |    15 ||    15
Dodge: Dodged            |    48 |   130 |    76 ||   254
Block: Other             |       |    17 |    33 ||    50

Levels and vault maps discovered:
D:1:      saegor_arrival_simple_b, layout_basic, serial_shops,
          nicolae_shop_bloodbath_and_beyond, palyth_stone_intersect,
          minmay_pentomino_z4
D:2:      layout_basic, shapermc_ecumenical_altar_notcrosses, minmay_liquid_box
D:3:      layout_loops_cross, nicolae_overflow_hidden_temple,
          chequers_serial_rivers_micro_e, hangedman_abyss_or_decor_lesser_grid,
          corexii_corridor_pit, minmay_vboxes, uniq_robin, uniq_terence
D:4:      layout_rooms, ebering_ghost_reflecting_pool, minmay_statues_item
D:5:      layout_loops_ring, grunt_ministairs_15
D:6:      layout_cave_pools, minmay_temple_entry_offerings, uniq_pikel,
          uniq_prince_ribbit1, uniq_menkaure

Notes
Turn   | Place    | Note
-------+----------+-------------------------------------------
     0 | D:1      | MackTheKnife the Vine Stalker Wanderer began the quest for
                  | the Orb.
     0 | D:1      | MackTheKnife set off with the following items: a +2 sling,
                  | a +0 helmet, a scroll of silence {!r}, a +0 robe; and the
                  | following spell memorised: Slow; and the following spells
                  | available to memorise: Confusing Touch.
     0 | D:1      | Reached XP level 1. HP: 9/9 MP: 5/5
     0 | D:1      | magus.rc [v1.9.6]
    50 | D:1      | HP: 2/9 [frilled lizard (3)]
   126 | D:1      | Found Diyp's Weapon Shop.
   179 | D:1      | Reached skill level 2 in Stealth
   363 | D:1      | Reached XP level 2. HP: 12/13 MP: 5/7
   414 | D:1      | Reached skill level 3 in Stealth
   773 | D:1      | Reached XP level 3. HP: 16/16 MP: 8/8
   868 | D:1      | Learned a level 3 spell: Confusing Touch
  1297 | D:2      | Found a faded altar of an unknown god.
  1529 | D:2      | Reached skill level 3 in Hexes
  1988 | D:2      | magus.rc [v1.9.6]
  2061 | D:2      | Gained mutation: Your natural rate of healing is unusually
                  | fast. [Vine Stalker growth]
  2061 | D:2      | Reached XP level 4. HP: 21/21 MP: 9/9
  2249 | D:3      | Identified the +1 leather armour of the Northern Lights
                  | {+Blink Str+3 Int-4}
  2253 | D:3      | Noticed Terence
  2265 | D:3      | Killed Terence
  2266 | D:3      | Reached skill level 4 in Hexes
  2406 | D:3      | Found an ancient bone altar of Kikubaaqudgha.
  2408 | D:3      | Found a hide-covered altar of Uskayaw.
  2431 | D:3      | Reached XP level 5. HP: 23/24 MP: 8/10
  2445 | D:3      | Noticed Robin
  2554 | D:3      | Killed Robin
  3375 | D:4      | Reached skill level 5 in Hexes
  3403 | D:4      | Reached XP level 6. HP: 25/28 MP: 8/11
  3470 | D:4      | Found a runed translucent door.
  3474 | D:4      | Noticed Samael12321's ghost (amateur DjEE)
  3709 | D:4      | Reached skill level 4 in Stealth
  4054 | D:4      | Reached skill level 1 in Fighting
  4054 | D:4      | Reached skill level 1 in Short Blades
  4226 | D:5      | Entered Level 5 of the Dungeon
  4227 | D:5      | Noticed a water moccasin
  4232 | D:5      | Killed a water moccasin
  4233 | D:5      | Reached XP level 7. HP: 34/34 MP: 10/12
  4257 | D:5      | Reached skill level 2 in Fighting
  4268 | D:5      | Reached skill level 2 in Short Blades
  4268 | D:5      | Reached skill level 5 in Stealth
  4486 | D:5      | Identified the +5 scale mail of Spite {rC+ Slay+3}
  4714 | D:5      | You pick up a book of Burglary and begin reading...
  4714 | D:5      | You add the spells Passwall, Ensorcelled Hibernation and
                  | Swiftness to your library.
  4983 | D:6      | Reached skill level 3 in Fighting
  4983 | D:6      | Reached skill level 3 in Short Blades
  4983 | D:6      | Reached skill level 6 in Stealth
  4983 | D:6      | Gained mutation: You have razor-sharp teeth. [Vine Stalker
                  | growth]
  4983 | D:6      | Reached XP level 8. HP: 40/40 MP: 13/13
  4985 | D:6      | Identified the +0 leather armour of the Eternal Fruit
                  | {Stlth+}
  5004 | D:6      | Noticed Menkaure
  5190 | D:6      | Noticed Pikel
  5393 | D:6      | Killed Menkaure
  5429 | D:6      | Reached skill level 7 in Stealth
  5458 | D:6      | Reached skill level 4 in Fighting
  5458 | D:6      | Reached skill level 4 in Short Blades
  5519 | D:6      | magus.rc [v1.9.6]
  5645 | D:5      | Killed Pikel
  5646 | D:5      | Reached skill level 5 in Fighting
  5646 | D:5      | Reached skill level 5 in Short Blades
  5646 | D:5      | Reached skill level 8 in Stealth
  5646 | D:5      | Reached XP level 9. HP: 33/47 MP: 9/14
  5779 | D:6      | Noticed a manticore
  5784 | D:6      | HP: 10/47 [manticore/volley of spikes (14)]
  5786 | D:6      | Killed from afar by a manticore

Vanquished Creatures
  Pikel (D:5)
  A steam dragon (D:6)
  Menkaure (D:6)
  3 water moccasins
  A black bear (D:6)
  3 lemures (D:5)
  A bullfrog (D:6)
  A gnoll sergeant (D:5)
  A necrophage (D:6)
  A scorpion (D:6)
  3 hounds
  A gnoll bouda (D:5)
  2 orc priests
  Terence (D:3)
  2 iguanas
  2 orc wizards
  Robin (D:3)
  12 adders
  10 gnolls
  An ufetubus (D:4)
  A worm (D:4)
  3 dart slugs
  16 orcs
  7 ball pythons
  8 endoplasms
  4 giant cockroaches
  20 goblins
  9 hobgoblins
  9 jackals
  2 quokkas
  5 bats
  5 frilled lizards
  4 kobolds
  7 rats
149 creatures vanquished.

Table legend:
 A = Non-vault XP
 B = Vault XP
 C = Vault XP percentage of total XP
 D = Non-vault monster count
 E = Vault monster count
 F = Vault count percentage of total count
                 A         B        C        D         E       F
            +---------+---------+-------+---------+---------+-------
      Total |    1930 |     924 |  32.4 |     121 |      25 |  17.1
            +---------+---------+-------+---------+---------+-------
        D:1 |      44 |       8 |  15.4 |      28 |       3 |   9.7
        D:2 |      66 |       0 |   0.0 |      17 |       0 |   0.0
        D:3 |     129 |     111 |  46.2 |      19 |      16 |  45.7
        D:4 |     222 |       0 |   0.0 |      25 |       0 |   0.0
        D:5 |     619 |     636 |  50.7 |      20 |       5 |  20.0
        D:6 |     850 |     169 |  16.6 |      12 |       1 |   7.7
            +---------+---------+-------+---------+---------+-------

Illustrated notes

Table legend:
 A = Kills in this place as a percentage of kills in entire the game.
 B = Kills by you in this place as a percentage of kills by you in the entire game.
 C = Kills by friends in this place as a percentage of kills by friends in the entire game.
 D = Other kills in this place as a percentage of other kills in the entire game.
 E = Experience gained in this place as a percentage of experience gained in the entire game.
 F = Experience gained in this place divided by the number of levels of this place that you have seen.
                   A       B       C       D       E      F
               +-------+-------+-------+-------+-------+----------------------
         Total | 100.0 | 100.0 |   N/A |   N/A | 100.0 | 475.7
       Dungeon | 100.0 | 100.0 |   N/A |   N/A | 100.0 | 475.7
               +-------+-------+-------+-------+-------+----------------------

Table legend: (Time is in decaauts)
 A = Elapsed time spent in this place.
 B = Non-inter-level travel time spent in this place.
 C = Inter-level travel time spent in this place.
 D = Time resting spent in this place.
 E = Time spent auto-exploring this place.
 F = Levels seen in this place.
 G = Mean time per level.
                   A        B        C        D        E       F      G
               +--------+--------+--------+--------+--------+-----+--------+
         Total |   5771 |   5321 |    450 |    588 |   3339 |   6 |  961.8 |
       Dungeon |   5771 |   5321 |    450 |    588 |   3339 |   6 |  961.8 |
               +--------+--------+--------+--------+--------+-----+--------+

Top non-repeatable levels by time:
     D:1: 1209 daAuts
     D:2: 1199 daAuts
     D:5: 1173 daAuts
     D:3: 1092 daAuts
     D:4: 732 daAuts
     D:6: 364 daAuts
